 Dungeon Crawl Stone Soup version 0.29.1-4-g47bece8355 (webtiles) character file.

Game seed: 2120303979880199266

102 GorkyZ the Trooper (level 4, -1/29 HPs)
             Began as a Gargoyle Fighter on Dec 3, 2022.
             Killed by nerve-wracking pain
             ... invoked by Grinder
              (6 damage)
             ... on level 3 of the Dungeon.
             The game lasted 00:07:09 (2194 turns).

GorkyZ the Trooper (Gargoyle Fighter)               Turns: 2194, Time: 00:07:10

Health: -1/29      AC: 12    Str: 22    XL:     4   Next: 78%
Magic:  4/4        EV:  9    Int:  8    God:
Gold:   162        SH:  4    Dex:  9    Spells: 3/3 levels left

rFire   . . .      SeeInvis .   s - +1 morningstar (vamp)
rCold   . . .      Faith    .   c - +0 buckler
rNeg    + . .      Spirit   .   b - +0 scale mail
rPois   ∞          Reflect  .   t - +0 helmet
rElec   +          Harm     .   (no cloak)
rCorr   .          Rampage  .   n - +0 pair of gloves
Will    .....                   (no boots)
Stlth   ..........              (no amulet)
HPRegen 0.09/turn               (no ring)
MPRegen 0.09/turn               (no ring)

@: unable to drink
A: sickness immunity, AC +3, negative energy resistance 1, electricity
resistance, torment resistance 1, petrification resistance, deterioration 1,
passive freeze, inability to drink after injury 1
a: no special abilities


You were on level 3 of the Dungeon.
You visited 1 branch of the dungeon, and saw 3 of its levels.

You collected 162 gold pieces.

Inventory:

Hand Weapons
 a - a +1 war axe
 d - a +0 halberd
 m - a +4 short sword of speed
 s - a +1 vampiric morningstar (weapon)
Missiles
 r - a boomerang (quivered)
Armour
 b - a +0 scale mail (worn)
 c - a +0 buckler (worn)
 n - a +0 pair of gloves (worn)
 t - a +0 helmet (worn)
Scrolls
 l - a scroll of teleportation
Potions
 f - a potion of curing
 j - a potion of mutation
 o - a potion of attraction
 q - a potion of lignification {unknown}


   Skills:
 + Level 3.8 Fighting
 + Level 2.2(2.3) Axes
 + Level 0.1(1.3) Polearms
 + Level 1.1 Throwing
 + Level 3.7 Armour
 + Level 1.0 Dodging
 + Level 3.7 Shields
 + Level 1.1 Evocations


You had 3 spell levels left.
You didn't know any spells.
Your spell library was empty.

Dungeon Overview and Level Annotations

Branches:
Dungeon (3/15)

Altars:

Annotations:
D:3 Grinder


Innate Abilities, Weirdness & Mutations

You are immune to sickness and miasma.
Your stone body is resilient. (AC +3)
You are immune to poison.
You resist negative energy. (rN+)
You are resistant to electric shocks. (rElec)
You are resistant to unholy torment.
You are immune to petrification.
Your body sometimes deteriorates upon taking damage.
A frigid envelope surrounds you and freezes all who hurt you.
You occasionally lose the ability to drink potions when taking damage.


Message History

Grinder hits you but does no damage.
Grinder completely resists.
You closely miss Grinder.
Grinder is severely wounded.
The jackal barks!
Grinder closely misses you.
You closely miss Grinder.
Grinder is severely wounded.
Grinder gestures at you. Pain shoots through your body!
Grinder barely misses you.
You closely miss Grinder.
Grinder is severely wounded.
Grinder closely misses you.
You hit Grinder.
Grinder is severely wounded.
The jackal barely misses you.
Grinder blinks!
The jackal bites you but does no damage.
Grinder blinks!
The jackal bites you but does no damage.
The jackal is very cold.
The jackal is moderately wounded.
You hit the jackal.
You feel better.
You kill the jackal!
Grinder gestures at you. Pain shoots through your body!
A jackal comes into view.
Grinder is nearby!
You hit Grinder.
Grinder is severely wounded.
Grinder closely misses you. Grinder hits you!
* * * LOW HITPOINT WARNING * * *
You writhe in agony.
* * * LOW HITPOINT WARNING * * *
Grinder completely resists.
You completely miss Grinder.
Grinder is severely wounded.
The jackal barks!
Grinder gestures at you. Pain shoots through your body!
You feel threatened and lose the ability to drink potions!
You die...

#.#... ...... ...#...
..... #..#.P♣ #
....###....P♣ .. #.
.......h..♣♣♣ .# #.
#...........♣♣..#
#..#.##.#.##....P.##.
#....@5.......h♣.....
#....................
#....................
#.<.............#.###
#.....#.####.####.#
...................#
.##.###.#.####.#....#
#. #.#.# ##.#)##.####
# ....###..†.)......


You could see Grinder and a jackal.

Vanquished Creatures
  4 gnolls (D:2)
  A worm (D:2)
  A dart slug (D:1)
  4 orcs (D:3)
  5 ball pythons
  5 bats
  4 endoplasms
  2 giant cockroaches
  4 goblins
  3 hobgoblins
  5 jackals
  6 kobolds
  6 frilled lizards
  3 rats (D:1)
53 creatures vanquished.

Vanquished Creatures (others)
  3 plants (D:3)
3 creatures vanquished.

Grand Total: 56 creatures vanquished

Notes
Turn   | Place    | Note
-------+----------+-------------------------------------------
     0 | D:1      | GorkyZ the Gargoyle Fighter began the quest for the Orb.
     0 | D:1      | Reached XP level 1. HP: 14/14 MP: 1/1
   232 | D:1      | Reached XP level 2. HP: 19/19 MP: 2/2
   522 | D:1      | Reached XP level 3. HP: 23/23 MP: 3/3
  1157 | D:2      | Gained mutation: A frigid envelope surrounds you and
                  | freezes all who hurt you. [potion of mutation]
  1157 | D:2      | Gained mutation: Your body sometimes deteriorates upon
                  | taking damage. [potion of mutation]
  1157 | D:2      | Gained mutation: You occasionally lose the ability to drink
                  | potions when taking damage. [potion of mutation]
  1161 | D:2      | Reached skill level 1 in Throwing
  1162 | D:2      | Reached XP level 4. HP: 12/28 MP: 4/4
  1165 | D:2      | Reached skill level 1 in Evocations
  1170 | D:2      | Reached skill level 1 in Dodging
  2161 | D:3      | Noticed Grinder
  2194 | D:3      | Killed from afar by Grinder

Illustrated notes

Levels and vault maps discovered:
D:1:      amcnicky_arrival_feature_with_door, layout_basic, minmay_pentomino_w2
D:2:      layout_loops_cross
D:3:      layout_basic, grunt_temple_overflow_champion_of_chaos, serial_forest,
          infiniplex_forest_lined_3_way, infiniplex_forest_zigzag_1,
          infiniplex_forest_clump_tiny, infiniplex_forest_clump_large,
          infiniplex_forest_zigzag_2, infiniplex_forest_clump_tiny,
          infiniplex_forest_clump_long, infiniplex_forest_clump_long,
          minmay_cupped, uniq_grinder, uniq_jessica, uniq_robin

Skill      XL: |  1  2  3  4 |
---------------+-------------+-----
Axes           | 2 |  2.2
Throwing       | 1 |  1.1
Evocations     | 1 |  1.1
Dodging        | 1 |  1.0
Fighting       | |  3.8
Polearms       | |  0.1
Armour         | |  3.7
Shields        | |  3.7

Action                   |  1- 3 |  4- 6 || total
-------------------------+-------+-------++-------
Melee: War axe           |    91 |     6 ||    97
       Halberd           |       |    24 ||    24
       Morningstar       |       |    18 ||    18
  Use: Potion            |     6 |       ||     6
       Scroll            |     3 |     6 ||     9
Armor: Scale mail        |    80 |    23 ||   103
Dodge: Dodged            |    67 |    22 ||    89
Block: Buckler           |    22 |     6 ||    28
